Map: Goldenaura LE

Players

Subwayeatn

  • Race: Zerg Zerg
  • League: Diamond
  • Spawn Location: 12:00

BoilerXVI - Winner!

  • Race: Zerg Zerg
  • League: Diamond
  • Spawn Location: 5:00

VOD

Have the link to the VOD?

Description

Time

  • Played on: Nov. 15, 2023, 6:02 p.m.
  • Length: 7:26
Show
View Real Time Build Order
Export as new Build Order

Subwayeatn Zerg 

Build Orders: Pool First 

Get SALT Encoding   

  12  0:00  Drone  
  13  0:08  Drone  
  14  0:22  Extractor  
  13  0:31  Spawning Pool  
  12  0:58  Hatchery  
  11  1:17  Queen  
  13  1:35  Metabolic Boost  
  13  1:37  Overlord  
  13  1:45  Zergling x2  
  14  1:56  Zergling x2  
  14  1:57  Zergling x2  
  14  1:59  Zergling x2  
  17  2:10  Queen  
  19  2:20  Zergling x2  
  20  2:28  Zergling x2  
  20  2:29  Zergling x6  
  24  2:43  Zergling x6  
  27  2:52  Zergling x2  
  26  3:07  Zergling x4  
  24  3:16  Zergling x2  
  24  3:17  Zergling x6  
  26  3:35  Zergling x4  
  27  3:49  Overlord  
  27  3:51  Drone  
  24  4:05  Zergling x10  
  27  4:21  Zergling x8  
  24  4:47  Zergling x10  
  23  5:10  Baneling Nest  
  23  5:11  Zergling x8  
  26  5:18  Zergling x2  
  27  5:24  Drone  
  28  5:30  Drone  
  28  5:33  Zergling x2  
  30  5:45  Zergling x2  
  30  5:46  Zergling x2  
  32  5:53  Baneling x3  
  32  5:58  Baneling  
  32  6:00  Zergling x2  
  33  6:13  Zergling x2  
  33  6:14  Zergling x2  
  30  6:30  Zergling x2  
  30  6:31  Zergling x8  
  32  6:38  Zergling x2  
  32  6:39  Zergling x2  
  24  7:02  Baneling x2  
  24  7:08  Baneling  
Show
View Real Time Build Order
Export as new Build Order

BoilerXVI Zerg - Winner!

Build Orders: Pool First 

Get SALT Encoding   

  12  0:00  Drone  
  13  0:11  Drone  
  14  0:15  Drone, Extractor  
  14  0:35  Spawning Pool  
  13  0:40  Drone  
  14  1:04  Hatchery  
  14  1:09  Drone  
  14  1:31  Metabolic Boost  
  14  1:37  Overlord  
  14  1:55  Queen  
  14  1:56  Drone x2  
  14  1:57  Zergling x2  
  19  2:08  Zergling x2  
  20  2:16  Zergling x2  
  20  2:18  Zergling x2  
  20  2:22  Queen  
  24  2:27  Zergling x2  
  25  2:31  Zergling x2  
  26  2:37  Zergling x2  
  26  2:42  Zergling x2  
  28  2:51  Overlord  
  28  3:03  Zergling x2  
  26  3:10  Zergling x2  
  26  3:11  Zergling x10  
  27  3:23  Zergling x4, Queen  
  27  3:36  Zergling x4  
  29  3:47  Zergling x4  
  31  3:50  Drone x3  
  31  3:53  Zergling x2  
  31  3:54  Overlord  
  32  4:07  Zergling x4  
  31  4:14  Zergling x6  
  25  4:30  Zergling x2  
  25  4:31  Zergling x6  
  27  4:42  Zergling x6  
  27  4:43  Zergling x2  
  29  4:46  Zergling x2  
  29  4:58  Zergling x4  
  31  5:03  Zergling x2, Queen  
  30  5:13  Drone, Zergling x2  
  32  5:18  Spine Crawler  
  32  5:19  Zergling x2  
  32  5:24  Evolution Chamber  
  32  5:25  Drone  
  32  5:27  Drone  
  33  5:36  Zergling x2  
  33  5:37  Zergling x4  
  36  5:46  Zergling x4  
  38  5:54  Baneling Nest  
  37  6:13  Evolution Chamber  
  31  6:35  Zergling x4  
  31  6:36  Zergling x16  
  29  6:43  Zergling x4  
  31  6:50  Zergling x2  
  32  6:57  Zergling x4  
  33  7:04  Drone  
Tags
 
Add a new tag
Caveats
  • Supply blocks, unpowered buildings, or Contaminate may cause inaccurate times.
  • Supply counts are checked every 10 seconds.